 Dungeon Crawl Stone Soup version 0.21-a0-286-g6fcecc0 (webtiles) character file.

4529 tidbits the Magician (level 10, -5/86 HPs)
             Began as a White Draconian Necromancer on Sept 26, 2017.
             Was a Follower of Uskayaw.
             Slain by a seven-headed hydra (9 damage)
             ... on level 12 of the Dungeon.
             The game lasted 00:38:27 (4662 turns).

tidbits the Magician (White Draconian Necromancer)  Turns: 4662, Time: 00:38:28

Health: -5/86      AC: 20    Str: 10    XL:     10   Next: 17%
Magic:  6/21       EV: 15    Int: 18    God:    Uskayaw [*.....]
Gold:   351        SH:  0    Dex: 13    Spells: 5/24 levels left

rFire    . . .     SeeInvis .   d - +3 dagger (venom)
rCold    + . .     Gourm    .   (no shield)
rNeg     . . .     Faith    .   (armour unavailable)
rPois    .         Spirit   .   (helmet restricted)
rElec    .         Reflect  .   C - +2 cloak
rCorr    .         Harm     .   (no gloves)
MR       .....                  (no boots)
Stlth    ++........             (no amulet)
HPRegen  0.24/turn              W - ring of wizardry
MPRegen  0.17/turn              U - +4 ring of protection

@: icy armour, slow
A: breathe frost, unfitting armour, cold resistance 1, cold-blooded, AC +7
a: Breathe Frost, Stomp, Renounce Religion


You were on level 12 of the Dungeon.
You worshipped Uskayaw.
Uskayaw was noncommittal.
You were not hungry.

You visited 2 branches of the dungeon, and saw 14 of its levels.

You collected 351 gold pieces.

Inventory:

Hand Weapons
 d - a +3 dagger of venom (weapon)
   (You took it off an orc on level 5 of the Dungeon)
 o - a +0 long sword
 F - a +0 arbalest
Missiles
 c - 19 poisoned needles
 n - 120 arrows
 t - 23 bolts
 v - 13 tomahawks (quivered)
 H - a throwing net {!f}
Armour
 C - a +2 cloak (worn)
 I - a +0 large shield
Magical Staves
 E - an uncursed staff of earth
   (You found it on level 6 of the Dungeon)
 Q - an uncursed staff of cold
   (You found it on level 11 of the Dungeon)
Jewellery
 g - an uncursed ring of protection from fire
   (You found it on level 1 of the Dungeon)
 w - an uncursed ring of positive energy
   (You took it off a goblin on level 2 of the Dungeon)
 U - a +4 ring of protection (right hand)
   (You found it on level 2 of the Dungeon)
 W - a ring of wizardry (left hand)
   (You found it on level 7 of the Dungeon)
Wands
 p - a wand of paralysis (1/24)
 x - a wand of digging (15/24)
 y - a wand of polymorph (5/24)
 B - a wand of iceblast (11/15)
 D - a wand of random effects (29/48)
 G - a wand of iceblast (7/15)
 T - a wand of iceblast (3/15)
Scrolls
 e - a scroll of random uselessness {unknown}
 h - 5 scrolls of enchant weapon
 q - 2 scrolls of immolation {unknown}
 r - 2 scrolls of remove curse
 u - a scroll of magic mapping {unknown}
 z - a scroll of fog
 A - 2 scrolls of teleportation {unknown}
 J - a scroll of recharging {unknown}
 K - a scroll of blinking {unknown}
 M - a scroll of noise {unknown}
Potions
 f - a potion of resistance
 i - a potion of lignification {unknown}
 j - 2 potions of curing
 k - a potion of heal wounds
 s - a potion of haste
 N - a potion of flight {unknown}
 S - a potion of might {unknown}
Books
 a - a book of Necromancy

   Spells                             Type                      Level
   a - Pain                           Necromancy                   1
   b - Animate Skeleton               Necromancy                   1
   c - Vampiric Draining              Necromancy                   3
   d - Regeneration                   Charms/Necromancy            3
   e - Animate Dead                   Necromancy                   4
   f - Control Undead                 Necromancy                   4
 L - a book of Frost
   (You found it on level 9 of the Dungeon)

   Spells                             Type                      Level
   a - Freeze                         Ice                          1
   b - Throw Frost                    Conjuration/Ice              2
   c - Ozocubu's Armour               Charms/Ice                   3
   d - Throw Icicle                   Conjuration/Ice              4
   e - Summon Ice Beast               Ice/Summoning                4
 O - a book of the Sky
   (You found it on level 11 of the Dungeon)

   Spells                             Type                      Level
   a - Summon Lightning Spire         Summoning/Air                4
   b - Silence                        Hexes/Air                    5
   c - Deflect Missiles               Charms/Air                   6
   d - Conjure Ball Lightning         Conjuration/Air              6
   e - Tornado                        Air                          9
 P - a book of Death
   (You found it on level 12 of the Dungeon)

   Spells                             Type                      Level
   a - Corpse Rot                     Necromancy                   2
   b - Sublimation of Blood           Necromancy                   2
   c - Agony                          Necromancy                   5
   d - Dispel Undead                  Necromancy                   5
   e - Excruciating Wounds            Charms/Necromancy            5
   f - Bolt of Draining               Conjuration/Necromancy       5
Comestibles
 b - 5 bread rations
 l - 5 fruits
 m - 5 meat rations
 R - 2 chunks of flesh


   Skills:
 - Level 7.3 Fighting
 - Level 6.2 Dodging
 - Level 1.7 Stealth
 + Level 7.5 Spellcasting
 + Level 1.9 Charms
 - Level 7.1 Necromancy
 + Level 2.8 Ice Magic
 - Level 4.6 Evocations


You had 5 spell levels left.
You knew the following spells:

 Your Spells              Type           Power        Failure   Level  Hunger
a - Pain                  Necr           ####         1%          1    None
n - Animate Skeleton      Necr           N/A          1%          1    None
o - Ozocubu's Armour      Chrm/Ice       ###.....     4%          3    #......
r - Regeneration          Chrm/Necr      ###.......   1%          3    #......
u - Control Undead        Necr           ####......   2%          4    ###....
v - Vampiric Draining     Necr           ####......   1%          3    #......
N - Animate Dead          Necr           N/A          2%          4    ###....


Dungeon Overview and Level Annotations

Branches:
Dungeon (13/15)            Temple (1/1) D:7
   Lair: D:8-11         Orc: D:9-12      Vaults: D:13-14

Altars:
Dithmenos
Elyvilon
Fedhas
Kikubaaqudgha
Nemelex Xobeh
Okawaru
Qazlal
Uskayaw
Wu Jian
Xom
Yredelemnul

Annotations:
D:4 Blork the orc
D:13 Frances


Innate Abilities, Weirdness & Mutations

You can breathe waves of freezing cold.
You can buffet flying creatures when you breathe cold.
Your icy white scales are hard. (AC +7)
You cannot fit into any form of body armour.
Your flesh is cold resistant. (rC+)
You are cold-blooded and may be slowed by cold attacks.


Message History

Aiming: Vampiric Draining
Press: ? - help, Shift-Dir - straight line, f/p - ogre
Aim: an ogre, wielding a giant club (severely wounded)
The ogre is almost dead.
You feel life coursing into your body. The ogre closely misses you.
Uskayaw will force your foes to helplessly watch your dance.
Uskayaw prepares the audience for your solo!
The helpless ogre fails to defend itself.
You puncture the ogre!
You kill the ogre!
There is a stone staircase leading down here.
You see here a giant club.
You have got your breath back.
You can no longer pass through a line of other dancers.
A shadow imp comes into view.
The shadow imp shouts!
The shadow imp closely misses you.
You barely miss the shadow imp. The shadow imp closely misses you.
You closely miss the shadow imp. The shadow imp closely misses you.
You completely miss the shadow imp. The shadow imp barely misses you.
You closely miss the shadow imp. The shadow imp misses you.
You hit the shadow imp but do no damage.
The shadow imp misses you.
You closely miss the shadow imp.
The shadow imp hits you but does no damage.
The seven-headed hydra roars!
The shadow imp completely misses you. The shadow imp spits at you.
The shadow imp shouts, "Return whence thou came, thou puking folly-fallen foot-licker!"
The shadow imp gestures at you.
You struggle to resist.
You hit the shadow imp.
The shadow imp is poisoned.
The shadow imp is moderately wounded.
The shadow imp closely misses you. The shadow imp misses you.
You hit the shadow imp but do no damage.
The shadow imp looks as sick as possible!
You tail-slap the shadow imp, but do no damage.
The shadow imp is heavily wounded.
The shadow imp grins evilly.
The shadow imp hits you.
You kill the shadow imp!
Evoke which item? (* to show all) (? for menu, Esc to quit)
Okay, then.
Casting: Vampiric Draining
Confirm with . or Enter, or press ? or * to list all spells.
A film of ice covers your body!
Evoke which item? (* to show all) (? for menu, Esc to quit)
Okay, then.
You hit the seven-headed hydra.
The seven-headed hydra is lightly wounded.
The seven-headed hydra bites you!
The seven-headed hydra closely misses you.
The seven-headed hydra bites you but does no damage. x4
The seven-headed hydra barely misses you.
You hit the seven-headed hydra.
You tail-slap the seven-headed hydra, but do no damage.
The seven-headed hydra is lightly wounded.
The seven-headed hydra bites you!
* * * LOW HITPOINT WARNING * * *
The seven-headed hydra bites you but does no damage.
The seven-headed hydra barely misses you.
The seven-headed hydra bites you but does no damage. x2
The seven-headed hydra misses you. The seven-headed hydra bites you.
* * * LOW HITPOINT WARNING * * *
Okay, then.
Okay, then.
Evoke which item? (* to show all) (? for menu, Esc to quit)
Aiming: Paralyse
Press: ? - help, Shift-Dir - straight line, f - seven-headed hydra
Aim: a seven-headed hydra (lightly wounded, chance to defeat MR: 26%)
The seven-headed hydra easily resists.
This wand has 1 charge left.
The seven-headed hydra bites you but does no damage.
The seven-headed hydra barely misses you.
The seven-headed hydra bites you but does no damage.
The seven-headed hydra bites you!
* * * LOW HITPOINT WARNING * * *
The seven-headed hydra bites you!
* * * LOW HITPOINT WARNING * * *
The seven-headed hydra bites you but does no damage.
The seven-headed hydra barely misses you.
Okay, then.
You feel much better. The seven-headed hydra bites you.
* * * LOW HITPOINT WARNING * * *
The seven-headed hydra bites you but does no damage. x3
The seven-headed hydra bites you!
* * * LOW HITPOINT WARNING * * *
The seven-headed hydra misses you. The seven-headed hydra bites you.
* * * LOW HITPOINT WARNING * * *
As you read the scroll labeled DALUEF OTIOQOS, it crumbles to dust.
The scroll dissolves into smoke.
It was a scroll of fog.
The seven-headed hydra bites you.
* * * LOW HITPOINT WARNING * * *
The seven-headed hydra completely misses you.
The seven-headed hydra bites you!
* * * LOW HITPOINT WARNING * * *
The seven-headed hydra bites you.
* * * LOW HITPOINT WARNING * * *
The seven-headed hydra misses you. The seven-headed hydra bites you!
You die...

#.# #..# #.##################.##
#.........).........<# ##
###.########################....
....# ###.....# ###.# #...#####
#.# #.### #.# ##########.#
#.#########.§§@D§....#
#...........##########
#############


You could see a seven-headed hydra.

Vanquished Creatures
  An unseen horror (D:13)
  Pikel (D:4)
  A gargoyle (D:11)
  A kobold demonologist (D:11)
  Grinder (D:6)
  Prince Ribbit (D:5)
  A slime creature (D:12)
  A water moccasin (shapeshifter) (D:10)
  Duvessa (D:6)
  A water moccasin (D:6)
  An orc warrior (D:11)
  A sky beast (D:8)
  2 slaves (D:4)
  2 ice beasts (D:12)
  A necrophage (D:9)
  5 ogres
  A centaur (D:7)
  A bullfrog (D:12)
  A wyvern zombie (D:9)
  Dowan (D:6)
  A howler monkey (D:6)
  A crimson imp (D:4)
  3 hounds (D:6)
  2 quasits
  A bullfrog zombie (D:10)
  A jelly (D:12)
  Crazy Yiuf (D:6)
  An orc priest (D:3)
  4 orc wizards
  2 centaur skeletons
  A gnoll shaman (D:5)
  Ijyb (D:4)
  4 worker ants
  A hound zombie (D:6)
  2 hound skeletons
  Robin (D:5)
  8 gnolls
  4 adders (D:2)
  3 shadow imps
  2 oozes
  2 worms
  2 dart slugs
  4 leopard geckos
  25 orcs
  6 giant cockroaches
  12 goblins
  8 hobgoblins
  19 jackals
  11 kobolds
  A quokka (D:6)
  6 bats
  4 frilled lizards
  A quokka zombie (D:8)
  10 rats
  A fungus (D:6)
182 creatures vanquished.

Vanquished Creatures (collateral kills)
  A slave (D:4)
  A bullfrog (D:9)
  A crimson imp (D:9)
  2 jellies
  A worker ant (D:9)
  An orc (D:12)
7 creatures vanquished.

Grand Total: 189 creatures vanquished

Notes
Turn   | Place    | Note
-------+----------+-------------------------------------------
     0 | D:1      | tidbits the Draconian Necromancer began the quest for the Orb.
     0 | D:1      | Reached XP level 1. HP: 14/14 MP: 3/3
   257 | D:1      | Reached XP level 2. HP: 13/20 MP: 1/5
   685 | D:2      | Reached XP level 3. HP: 15/26 MP: 3/6
   819 | D:1      | Learned a level 3 spell: Vampiric Draining
   823 | D:1      | Learned a level 3 spell: Regeneration
  1032 | D:2      | Found a blossoming altar of Fedhas.
  1117 | D:2      | Reached skill level 5 in Necromancy
  1195 | D:2      | Reached XP level 4. HP: 24/33 MP: 2/8
  1268 | D:2      | Learned a level 1 spell: Animate Skeleton
  1377 | D:2      | Reached skill level 3 in Spellcasting
  1684 | D:3      | Reached XP level 5. HP: 36/38 MP: 4/9
  1889 | D:3      | Reached skill level 6 in Necromancy
  2197 | D:4      | Found a shimmering altar of Xom.
  2301 | D:4      | Noticed a slave
  2303 | D:4      | Noticed a slave
  2305 | D:4      | Noticed Pikel
  2329 | D:4      | Killed a slave
  2346 | D:4      | Killed a slave
  2366 | D:5      | Entered Level 5 of the Dungeon
  2388 | D:5      | Reached XP level 6. HP: 33/45 MP: 4/11
  2456 | D:4      | Noticed Robin
  2498 | D:5      | Killed Robin
  2540 | D:4      | Noticed Blork the orc
  2575 | D:4      | Noticed Ijyb
  2586 | D:4      | Killed Ijyb
  2626 | D:4      | Reached skill level 4 in Spellcasting
  2626 | D:4      | Reached skill level 7 in Necromancy
  2631 | D:4      | Reached skill level 1 in Fighting
  2631 | D:4      | Reached skill level 2 in Dodging
  2631 | D:4      | Your scales start taking on an icy white colour.
  2631 | D:4      | Reached XP level 7. HP: 36/52 MP: 5/13
  2631 | D:4      | Gained mutation: Your flesh is cold resistant. (rC+) [White Draconian growth]
  2715 | D:4      | Killed Pikel
  2715 | D:4      | Reached skill level 4 in Fighting
  2715 | D:4      | Reached skill level 4 in Dodging
  2823 | D:6      | Noticed Duvessa
  2823 | D:6      | Noticed Dowan
  2831 | D:6      | Killed Duvessa
  2831 | D:6      | Reached skill level 2 in Evocations
  2831 | D:6      | Reached XP level 8. HP: 66/66 MP: 14/14
  2837 | D:6      | Killed Dowan
  2853 | D:6      | Learned a level 4 spell: Control Undead
  2875 | D:6      | Reached skill level 3 in Evocations
  2928 | D:6      | Noticed Grinder
  2939 | D:6      | Killed Grinder
  2939 | D:6      | Reached skill level 4 in Evocations
  3026 | D:7      | Found a staircase to the Ecumenical Temple.
  3042 | Temple   | Entered the Ecumenical Temple
  3048 | Temple   | Became a worshipper of Uskayaw the Reveler
  3086 | D:6      | Reached * piety under Uskayaw
  3088 | D:6      | Reached ** piety under Uskayaw
  3341 | D:5      | Reached *** piety under Uskayaw
  3347 | D:5      | Reached skill level 5 in Fighting
  3349 | D:5      | Reached **** piety under Uskayaw
  3442 | D:5      | Reached skill level 5 in Dodging
  3461 | D:5      | Found an ornate altar of the Wu Jian Council.
  3477 | D:5      | Noticed Prince Ribbit
  3489 | D:5      | Killed Prince Ribbit
  3539 | D:6      | Reached XP level 9. HP: 75/75 MP: 15/15
  3543 | D:6      | Reached skill level 6 in Fighting
  3549 | D:6      | Learned a level 4 spell: Animate Dead
  3568 | D:6      | Found a stormy altar of Qazlal.
  3597 | D:6      | Found a runed door.
  3601 | D:6      | Noticed Crazy Yiuf
  3607 | D:6      | Killed Crazy Yiuf
  3670 | D:7      | Found a sparkling altar of Nemelex Xobeh.
  3888 | D:9      | Reached skill level 6 in Dodging
  3903 | D:9      | Reached skill level 7 in Fighting
  3904 | D:9      | Found an iron altar of Okawaru.
  4031 | D:10     | Entered Level 10 of the Dungeon
  4059 | D:10     | Noticed a queen bee
  4078 | D:10     | a queen bee changed into a black bear
  4165 | D:10     | Found a shadowy altar of Dithmenos.
  4219 | D:12     | Reached skill level 5 in Spellcasting
  4228 | D:12     | Noticed a gargoyle
  4266 | D:11     | Killed a gargoyle
  4266 | D:11     | Reached skill level 6 in Spellcasting
  4344 | D:11     | Noticed a kobold demonologist
  4360 | D:11     | Noticed an ice devil
  4361 | D:11     | Killed a kobold demonologist
  4451 | D:11     | Reached skill level 7 in Spellcasting
  4471 | D:11     | Learned a level 3 spell: Ozocubu's Armour
  4508 | D:12     | Noticed a seven-headed hydra
  4551 | D:12     | Reached skill level 1 in Ice Magic
  4551 | D:12     | Reached XP level 10. HP: 58/86 MP: 7/20
  4601 | D:13     | Noticed Frances
  4608 | D:13     | Noticed an orange demon
  4617 | D:13     | Noticed an orange demon
  4619 | D:13     | Noticed a soul eater
  4619 | D:13     | Killed an unseen horror
  4619 | D:13     | Reached skill level 1 in Charms
  4619 | D:13     | Reached skill level 2 in Ice Magic
  4662 | D:12     | HP: 4/86 [seven-headed hydra (6)]
  4662 | D:12     | Slain by a seven-headed hydra

Vault maps used:
D:1:      dpeg_arrival_three_bigger_balls, serial_bayou_pond_d
D:2:      first_bread, fedhas_altar_fruit_tree, uniq_terence
D:3:      lemuel_blue_sif_altar
D:4:      kennysheep_mini_moat, grunt_ministairs_9, uniq_robin, uniq_pikel,
          uniq_blork_the_orc, uniq_ijyb
D:5:      old_standard_altar, uniq_prince_ribbit1
D:6:      grunt_qazlal_clouds, uniq_crazy_yiuf_cottage, uniq_duvessa,
          uniq_grinder, uniq_sigmund
D:7:      kennysheep_little_box, nicolae_ru_path_of_blood,
          minmay_temple_entry_glassed_door
D:9:      okawaru_gym_becter, hangedman_ranch, kb_lookout_dungeons_type,
          lemuel_mausoleum_altar_kikubaaqudgha
D:10:     erik_lair_dragon, orc_0_dummy, stair_cage_line,
          grunt_dithmenos_shadows, uniq_grum
D:12:     cheibrodos_tormentor_scu, lemuel_tele_altar
D:13:     uniq_snorg, uniq_frances
Temple:   eino_temple_rhombus

Skill      XL: |  1  2  3  4  5  6  7  8  9 10 |
---------------+-------------------------------+-----
Necromancy     | 5 6 7 |  7.1
Spellcasting   | 3 4 7 |  7.5
Fighting       | 1 4 5 7 |  7.3
Dodging        | 2 4 5 6 |  6.2
Evocations     | 2 4 |  4.6
Ice Magic      | 1 2 |  2.8
Charms         | 1 |  1.9
Stealth        | |  1.7

Action                   |  1- 3 |  4- 6 |  7- 9 | 10-12 || total
-------------------------+-------+-------+-------+-------++-------
Melee: Short sword       |    28 |    14 |       |       ||    42
       Tailslap          |     2 |    11 |    33 |     2 ||    48
       Long sword        |       |    55 |     1 |       ||    56
       Dagger            |       |    56 |   317 |    16 ||   389
 Cast: Pain              |    77 |   105 |    31 |     2 ||   215
       Regeneration      |     3 |    10 |     4 |     1 ||    18
       Animate Skeleton  |       |     3 |     9 |       ||    12
       Vampiric Draining |       |     4 |    12 |     4 ||    20
       Control Undead    |       |       |     2 |       ||     2
       Ozocubu's Armour  |       |       |     1 |     1 ||     2
       Animate Dead      |       |       |     1 |       ||     1
 Abil: Breathe Frost     |       |       |     9 |     1 ||    10
Evoke: Wand              |       |     8 |    11 |     1 ||    20
  Use: Scroll            |       |     7 |     4 |     1 ||    12
       Potion            |       |       |       |     1 ||     1
 Stab: Sleeping          |       |     2 |     4 |       ||     6
       Paralysed         |       |    10 |    26 |     3 ||    39
       Distracted        |       |       |     1 |       ||     1
  Eat: Chunk             |     3 |     7 |     9 |     1 ||    20
       Fruit             |       |     1 |     3 |       ||     4
Armor: Skin              |    25 |    81 |   138 |    28 ||   272
Dodge: Dodged            |    48 |   126 |   233 |    25 ||   432
       Rpst.: Long sword |       |    12 |       |       ||    12

Table legend:
 A = Spawn XP
 B = Non-spawn XP
 C = Spawn XP percentage of total XP
 D = Spawn monster count
 E = Non-spawn monster count
 F = Spawn count percentage of total count
 G = Total turns spent on level
                    A         B        C        D         E        F      G
               +---------+---------+-------+---------+---------+-------+---------
         Total |       0 |    6470 |   0.0 |       0 |     184 |   0.0 |  4662
               +---------+---------+-------+---------+---------+-------+---------
           D:1 |       0 |      58 |   0.0 |       0 |      29 |   0.0 |   990
           D:2 |       0 |     131 |   0.0 |       0 |      25 |   0.0 |   732
           D:3 |       0 |     100 |   0.0 |       0 |      30 |   0.0 |   433
           D:4 |       0 |    1054 |   0.0 |       0 |       9 |   0.0 |   438
           D:5 |       0 |     614 |   0.0 |       0 |      25 |   0.0 |   508
           D:6 |       0 |     924 |   0.0 |       0 |      20 |   0.0 |   462
           D:7 |       0 |     159 |   0.0 |       0 |       5 |   0.0 |   176
           D:8 |       0 |     172 |   0.0 |       0 |       3 |   0.0 |    62
           D:9 |       0 |     548 |   0.0 |       0 |      16 |   0.0 |   217
          D:10 |       0 |     230 |   0.0 |       0 |       6 |   0.0 |   166
          D:11 |       0 |    1006 |   0.0 |       0 |       7 |   0.0 |   251
          D:12 |       0 |     750 |   0.0 |       0 |       8 |   0.0 |   179
          D:13 |       0 |     724 |   0.0 |       0 |       1 |   0.0 |    35
               +---------+---------+-------+---------+---------+-------+---------

Table legend:
 A = Turns spent in this place as a percentage of turns spent in the entire game.
 B = Non-inter-level travel turns spent in this place as a percentage of non-inter-level travel turns spent in the entire game.
 C = Inter-level travel turns spent in this place as a percentage of turns spent in this place.
 D = Turns resting spent in this place as a percentage of non-inter-level travel turns spent in this place.
 E = Turns spent auto-exploring this place as a percentage of non-inter-level travel turns spent in this place.
 F = Non-inter-level travel turns spent in this place divided by the number of levels of this place that you've seen.
                   A       B       C       D       E      F
               +-------+-------+-------+-------+-------+----------------------
         Total | 100.0 | 100.0 |   7.8 |   0.0 |   0.0 | 307.1
       Dungeon |  99.7 |  99.7 |   7.8 |   0.0 |   0.0 | 329.8
        Temple |   0.3 |   0.3 |   0.0 |   0.0 |   0.0 |  13.0
               +-------+-------+-------+-------+-------+----------------------

Table legend:
 A = Kills in this place as a percentage of kills in entire the game.
 B = Kills by you in this place as a percentage of kills by you in the entire game.
 C = Kills by friends in this place as a percentage of kills by friends in the entire game.
 D = Other kills in this place as a percentage of other kills in the entire game.
 E = Experience gained in this place as a percentage of experience gained in the entire game.
 F = Experience gained in this place divided by the number of levels of this place that you have seen.
                   A       B       C       D       E      F
               +-------+-------+-------+-------+-------+----------------------
         Total | 100.0 | 100.0 | 100.0 | 100.0 | 100.0 | 462.1
       Dungeon | 100.0 | 100.0 | 100.0 | 100.0 | 100.0 | 497.7
               +-------+-------+-------+-------+-------+----------------------

Vault maps used:
D:1:      dpeg_arrival_three_bigger_balls, serial_bayou_pond_d
D:2:      first_bread, fedhas_altar_fruit_tree, uniq_terence
D:3:      lemuel_blue_sif_altar
D:4:      kennysheep_mini_moat, grunt_ministairs_9, uniq_robin, uniq_pikel,
          uniq_blork_the_orc, uniq_ijyb
D:5:      old_standard_altar, uniq_prince_ribbit1
D:6:      grunt_qazlal_clouds, uniq_crazy_yiuf_cottage, uniq_duvessa,
          uniq_grinder, uniq_sigmund
D:7:      kennysheep_little_box, nicolae_ru_path_of_blood,
          minmay_temple_entry_glassed_door
D:9:      okawaru_gym_becter, hangedman_ranch, kb_lookout_dungeons_type,
          lemuel_mausoleum_altar_kikubaaqudgha
D:10:     erik_lair_dragon, orc_0_dummy, stair_cage_line,
          grunt_dithmenos_shadows, uniq_grum
D:12:     cheibrodos_tormentor_scu, lemuel_tele_altar
D:13:     uniq_snorg, uniq_frances
Temple:   eino_temple_rhombus
